Influenza vs Diables
Created - April 14, 2020 at 19:08
Goals
|
Influenza |
0 |
1 |
1 |
2 |
Diables |
2 |
3 |
3 |
8 |
|
Shots
|
Influenza |
9 |
11 |
8 |
28 |
Diables |
9 |
9 |
22 |
40 |
|
1st period
1. Diables , Will Butcher 10 (Nail Yakupov 25, Brock McGinn 47) at 2:48 (PP)
2. Diables , Pavel Buchnevich 33 (Darroll Powe 35, Brett Lernout 4) at 7:27
Penalties :
Dmitry Sinitsyn (VJB) for Hooking (Minor) at 2:33
2nd period
3. Diables , Nail Yakupov 28 (Will Butcher 55) at 0:30
4. Diables , Brandon Prust 38 (Mark Jankowski 17) at 8:03
5. Influenza , Zac Dalpe 20 (Ryan Dzingel 19) at 8:35
6. Diables , Darroll Powe 19 (Max Domi 58, Pavel Buchnevich 45) at 16:22
Penalties :
No Penalty
3rd period
7. Diables , Aleksander Barkov 32 (Brock McGinn 48) at 1:59
8. Diables , Brandon Prust 39 (C.J Suess 10, Mark Jankowski 18) at 5:49
9. Diables , Pavel Buchnevich 34 (Eric Gustafsson 19, Darroll Powe 36) at 6:12
10. Influenza , Andre Burakovsky 56 (Calvin de Haan 49, Iiro Pakarinen 42) at 7:41 (PP)
Penalties :
Calvin de Haan (VJB) for Interference (Minor) at 3:35, Gustav Olofsson (Alm) for Interference (Minor) at 7:33, Eric Gustafsson (Alm) for Roughing (Minor) at 8:03, Aleksander Barkov (Alm) for Interference (Minor) at 13:31, Brandon Prust (Alm) for Elbowing (Minor) at 17:32
Goalie Stats
Malcolm Subban (VJB), 10 saves from 14 shots - (0.714), L, 27-26-3, 28:03 minutes
Tyson Sexsmith (VJB), 22 saves from 26 shots - (0.846), 31:57 minutes
Mark Visentin (Alm), 26 saves from 28 shots - (0.929), W, 6-5-0, 60:00 minutes
Players Stats for Influenza
Player Name G A P +/- PIM S H SB GA TA FO MP PP MP PK MP
------------------------------------------------------------------------------------
Andre Burakovsky 1 0 1 -4 0 3 1 1 1 0 1/4 21:46 3:06 0:10
Bo Horvat 0 0 0 -4 0 3 1 0 1 0 7/34 21:36 3:06 0:00
Brandon Montour 0 0 0 0 0 1 0 1 1 0 0/0 13:40 0:00 1:14
Calvin de Haan 0 1 1 -5 2 2 3 1 0 3 0/0 28:08 3:37 0:15
Colton Sissons 0 0 0 -2 0 1 2 1 0 0 4/14 14:36 0:02 0:39
Dmitry Sinitsyn 0 0 0 1 2 0 1 0 0 1 0/0 12:10 0:00 0:00
Iiro Pakarinen 0 1 1 -4 0 1 2 0 0 1 0/1 21:36 3:06 0:00
Jacob Josefson 0 0 0 -1 0 0 0 0 0 0 0/1 8:05 0:00 0:00
Justin Bailey 0 0 0 -2 0 2 3 0 0 0 1/1 16:34 2:57 0:00
Kasperi Kapanen 0 0 0 1 0 0 0 0 0 0 0/0 11:07 0:00 0:00
Luca Sbisa 0 0 0 -1 0 1 0 0 1 1 0/0 23:50 3:37 0:45
Lucas Lessio 0 0 0 -2 0 2 2 0 0 0 0/0 14:07 0:02 0:10
Nick Ritchie 0 0 0 -1 0 0 3 0 0 0 0/0 8:05 0:00 0:00
Paul Ladue 0 0 0 -6 0 2 0 0 1 1 0/0 23:59 2:28 1:29
Ryan Dzingel 0 1 1 1 0 0 0 1 1 0 0/0 15:33 2:57 1:25
Tim Erixon 0 0 0 -1 0 2 1 1 0 2 0/0 18:14 2:28 0:45
Tom Kuhnhackl 0 0 0 -1 0 0 1 0 0 0 0/0 9:05 0:02 0:39
Zac Dalpe 1 0 1 1 0 8 1 0 0 0 4/9 15:33 2:57 1:25
Players Stats for Diables
Player Name G A P +/- PIM S H SB GA TA FO MP PP MP PK MP
------------------------------------------------------------------------------------
Aleksander Barkov 1 0 1 0 2 4 2 2 1 1 9/11 15:12 1:02 0:00
Alex Tuch 0 0 0 0 0 0 0 1 0 0 1/1 14:09 0:00 0:00
Brandon Prust 2 0 2 3 2 5 2 0 1 0 0/0 16:43 0:00 0:52
Brett Lernout 0 1 1 2 0 0 1 1 0 1 0/0 17:11 0:00 1:14
Brock McGinn 0 2 2 0 0 3 1 0 3 0 2/2 20:13 1:12 3:55
C.J Suess 0 1 1 2 0 0 0 0 0 0 1/1 7:27 0:00 0:15
Chris Bigras 0 0 0 2 0 3 0 2 0 0 0/0 21:01 1:40 1:45
Daniel Zaar 0 0 0 0 0 0 0 0 0 0 0/0 0:00 0:00 0:00
Darroll Powe 1 2 3 3 0 6 1 1 1 1 17/22 20:37 0:00 0:56
Eric Gustafsson 0 1 1 2 2 2 0 1 0 1 0/0 25:18 0:19 3:06
Frederik Gauthier 0 0 0 1 0 0 0 0 0 0 14/21 16:15 1:12 3:50
Gustav Olofsson 0 0 0 2 2 0 0 1 0 0 0/0 12:30 0:15 0:00
Marc-André Bourdon 0 0 0 3 0 0 2 2 0 0 0/0 19:45 0:19 1:45
Mark Jankowski 0 2 2 2 0 1 0 0 0 1 0/2 9:08 0:00 1:19
Max Domi 0 1 1 3 0 4 0 1 0 0 1/2 21:46 1:02 1:03
Nail Yakupov 1 1 2 1 0 3 1 0 0 0 0/0 11:06 1:12 0:00
Pavel Buchnevich 2 1 3 3 0 5 2 0 2 0 2/2 20:43 1:02 0:00
Will Butcher 1 1 2 1 0 4 2 2 1 1 0/0 24:47 1:55 4:20
3 Stars
1 - Pavel Buchnevich (Alm)
2 - Darroll Powe (Alm)
3 - Brandon Prust (Alm)
Power Play
Influenza - 1 on 4 Attempt(s) - 25.00%
Diables - 1 on 2 Attempt(s) - 50.00%
Penalty Kill
Influenza - 1 on 2 Attempt(s) - 50.00%
- Score 0 goal in Penalty Kill
Diables - 3 on 4 Attempt(s) - 75.00%
- Score 0 goal in Penalty Kill
Team Stat
Influenza - Hits : 21 - Faceoff Wins : 17 - Blocked Shots : 6 - Penalty Minutes : 4
Diables - Hits : 14 - Faceoff Wins : 47 - Blocked Shots : 14 - Penalty Minutes : 8
Official
Referees : Unknown
Linesman : Unknown
Game Notes
Tyson Sexsmith enters game at 8:03 of 2nd period
Finance
Level 1 -- Attendance: 1257 (62.85%) -- Ticket Income $50,280
Level 2 -- Attendance: 642 (64.20%) -- Ticket Income $12,840
Total Attendance: 1899 (63.30%)
Total Ticket Income: $63,120
Other Income: $3,156
Total Income: $66,276
Influenza
5 vs 5 Forward
Center Left Wing Right Wing Time % Phy DF OF
1 Bo Horvat Andre Burakovsky Iiro Pakarinen 40 1 2 2
2 Colton Sissons Lucas Lessio Justin Bailey 30 1 2 2
3 Zac Dalpe Ryan Dzingel Kasperi Kapanen 20 1 2 2
4 Jacob Josefson Nick Ritchie Tom Kuhnhackl 10 1 2 2
5 vs 5 Defense
Defense Defense Time % Phy DF OF
1 Calvin de Haan Paul Ladue 40 1 2 2
2 Luca Sbisa Tim Erixon 30 1 2 2
3 Dmitry Sinitsyn Brandon Montour 20 1 2 2
4 Calvin de Haan Luca Sbisa 10 1 2 2
PowerPlay Forward
Center Left Wing Right Wing Time % Phy DF OF
1 Bo Horvat Andre Burakovsky Iiro Pakarinen 60 1 2 2
2 Zac Dalpe Ryan Dzingel Justin Bailey 40 1 2 2
PowerPlay Defense
Defense Defense Time % Phy DF OF
1 Calvin de Haan Luca Sbisa 60 1 2 2
2 Paul Ladue Tim Erixon 40 1 2 2
Penalty Kill 4 Players Forward
Center Wing Time % Phy DF OF
1 Zac Dalpe Ryan Dzingel 60 1 2 2
2 Colton Sissons Tom Kuhnhackl 40 1 2 2
Penalty Kill 4 Players Defense
Defense Defense Time % Phy DF OF
1 Calvin de Haan Paul Ladue 60 1 2 2
2 Luca Sbisa Tim Erixon 40 1 2 2
Penalty Kill - 3 Players Forward
Forward Time % Phy DF OF
1 Zac Dalpe 60 1 2 2
2 Colton Sissons 40 1 2 2
Penalty Kill - 3 Players Defense
Defense Defense Time % Phy DF OF
1 Calvin de Haan Paul Ladue 60 1 2 2
2 Luca Sbisa Tim Erixon 40 1 2 2
4 vs 4 Forward
Center Wing Time % Phy DF OF
1 Bo Horvat Andre Burakovsky 60 1 2 2
2 Zac Dalpe Iiro Pakarinen 40 1 2 2
4 vs 4 Defense
Defense Defense Time % Phy DF OF
1 Calvin de Haan Paul Ladue 60 1 2 2
2 Luca Sbisa Tim Erixon 40 1 2 2
Last Minutes Offensive
Center Left Wing Right Wing Defense Defense
Bo Horvat Andre Burakovsky Iiro Pakarinen Calvin de Haan Paul Ladue
Last Minutes Defensive
Center Left Wing Right Wing Defense Defense
Zac Dalpe Andre Burakovsky Iiro Pakarinen Calvin de Haan Paul Ladue
Goaltenders
Starting : Malcolm Subban
Backup : Tyson Sexsmith
Extra Forwards
Normal : Lucas Lessio, Iiro Pakarinen, Andre Burakovsky - PP : Lucas Lessio, Colton Sissons - PK : Andre Burakovsky
Extra Defensemen
Normal : Luca Sbisa, Tim Erixon, Calvin de Haan - PP : Brandon Montour - PK : Paul Ladue, Brandon Montour
Penalty Shots
Andre Burakovsky, Bo Horvat, Zac Dalpe, Justin Bailey, Calvin de Haan
Scratches
Jordan Schroeder (Healthy), Shane Prince (Healthy), Jeff Corbett (Healthy), Henri Ikonen (Healthy), Johan Larsson (Healthy)
Mitchell Moroz (Healthy), Josh Andrerson (Healthy), Jesse Graham (Healthy), Roland McKeown (Healthy), Jake Walman (Healthy)
Conner Bleackley (Healthy), Brycen Martin (Healthy), Jaden Lindo (Healthy), Jamie Phillips (Healthy)
Diables
5 vs 5 Forward
Center Left Wing Right Wing Time % Phy DF OF
1 Darroll Powe Max Domi Pavel Buchnevich 40 1 2 2
2 Aleksander Barkov Brock McGinn Alex Tuch 30 1 2 2
3 Frederik Gauthier Brandon Prust Nail Yakupov 20 1 2 2
4 Mark Jankowski C.J Suess Brandon Prust 10 1 2 2
5 vs 5 Defense
Defense Defense Time % Phy DF OF
1 Eric Gustafsson Will Butcher 40 1 2 2
2 Chris Bigras Marc-André Bourdon 30 1 2 2
3 Gustav Olofsson Brett Lernout 20 1 2 2
4 Brett Lernout Eric Gustafsson 10 1 2 2
PowerPlay Forward
Center Left Wing Right Wing Time % Phy DF OF
1 Frederik Gauthier Brock McGinn Nail Yakupov 60 1 2 2
2 Aleksander Barkov Max Domi Pavel Buchnevich 40 1 2 2
PowerPlay Defense
Defense Defense Time % Phy DF OF
1 Chris Bigras Will Butcher 60 1 2 2
2 Eric Gustafsson Marc-André Bourdon 40 1 2 2
Penalty Kill 4 Players Forward
Center Wing Time % Phy DF OF
1 Frederik Gauthier Brock McGinn 60 1 2 2
2 Darroll Powe Brandon Prust 40 1 2 2
Penalty Kill 4 Players Defense
Defense Defense Time % Phy DF OF
1 Will Butcher Eric Gustafsson 60 1 2 2
2 Chris Bigras Marc-André Bourdon 40 1 2 2
Penalty Kill - 3 Players Forward
Forward Time % Phy DF OF
1 Darroll Powe 60 1 2 2
2 Frederik Gauthier 40 1 2 2
Penalty Kill - 3 Players Defense
Defense Defense Time % Phy DF OF
1 Marc-André Bourdon Eric Gustafsson 60 1 2 2
2 Brett Lernout Will Butcher 40 1 2 2
4 vs 4 Forward
Center Wing Time % Phy DF OF
1 Darroll Powe Pavel Buchnevich 60 1 2 2
2 Frederik Gauthier Brock McGinn 40 1 2 2
4 vs 4 Defense
Defense Defense Time % Phy DF OF
1 Will Butcher Eric Gustafsson 60 1 2 2
2 Chris Bigras Marc-André Bourdon 40 1 2 2
Last Minutes Offensive
Center Left Wing Right Wing Defense Defense
Darroll Powe Max Domi Pavel Buchnevich Eric Gustafsson Will Butcher
Last Minutes Defensive
Center Left Wing Right Wing Defense Defense
Frederik Gauthier Brock McGinn Pavel Buchnevich Eric Gustafsson Marc-André Bourdon
Goaltenders
Starting : Mark Visentin
Backup : Alex Nedeljkovic
Extra Forwards
Normal : Max Domi, Mark Jankowski, Frederik Gauthier - PP : Max Domi, Mark Jankowski - PK : Frederik Gauthier
Extra Defensemen
Normal : Gustav Olofsson, Brett Lernout, Will Butcher - PP : Chris Bigras - PK : Brett Lernout, Gustav Olofsson
Penalty Shots
Darroll Powe, Pavel Buchnevich, Brock McGinn, Brandon Prust, Alex Tuch
Scratches
Louis Leblanc (Healthy), Stephen Harper (Healthy), Emil Djuse (Healthy), Christian Thomas (Healthy), Cole Cassels (Healthy)
Jeremy Gregoire (Healthy), Zac Leslie (Right Knee Injury), Connor Hurley (Healthy), Andreas Johnsson (Healthy), Mike Zigomanis (Healthy)
Mikko Lehtonen (Healthy), Brett Ritchie (Healthy), Nikita Zadorov (Healthy), Anders Bjork (Healthy), Hunter Smith (Healthy)
Jack Campbell (Healthy)
% Time on Ice - Influenza
Lines # - Real PCT - Wanted PCT - Time Play
Normal Forward
1 - 37% - 40% - 18:52
2 - 26% - 30% - 13:37
3 - 22% - 20% - 11:07
4 - 16% - 10% - 8:05
Normal Defense
1 - 39% - 40% - 20:03
2 - 29% - 30% - 15:01
3 - 24% - 20% - 12:11
4 - 9% - 10% - 4:26
PP Forward
1 - 52% - 60% - 3:08
2 - 48% - 40% - 2:57
PP Defense
1 - 59% - 60% - 3:37
2 - 41% - 40% - 2:28
PK Forward
1 - 71% - 60% - 1:35
2 - 29% - 40% - 0:39
PK Defense
1 - 66% - 60% - 1:29
2 - 34% - 40% - 0:45
PK3 Forward
1 - 0% - 60%
2 - 0% - 40%
PK3 Defense
1 - 0% - 60%
2 - 0% - 40%
44 Forward
1 - 0% - 60%
2 - 0% - 40%
44 Defense
1 - 0% - 60%
2 - 0% - 40%
Last Minute Offensive - 0:00
Last Minute Defensive - 0:00
Total
Forward - 60:00
Defense - 60:00
|
% Time on Ice - Diables
Lines # - Real PCT - Wanted PCT - Time Play
Normal Forward
1 - 40% - 40% - 20:37
2 - 27% - 30% - 14:09
3 - 19% - 20% - 9:43
4 - 14% - 10% - 7:12
Normal Defense
1 - 36% - 40% - 18:32
2 - 34% - 30% - 17:41
3 - 23% - 20% - 11:44
4 - 7% - 10% - 3:44
PP Forward
1 - 54% - 60% - 1:12
2 - 46% - 40% - 1:02
PP Defense
1 - 86% - 60% - 1:55
2 - 14% - 40% - 0:19
PK Forward
1 - 85% - 60% - 5:09
2 - 15% - 40% - 0:56
PK Defense
1 - 71% - 60% - 4:20
2 - 29% - 40% - 1:45
PK3 Forward
1 - 0% - 60%
2 - 0% - 40%
PK3 Defense
1 - 0% - 60%
2 - 0% - 40%
44 Forward
1 - 0% - 60%
2 - 0% - 40%
44 Defense
1 - 0% - 60%
2 - 0% - 40%
Last Minute Offensive - 0:00
Last Minute Defensive - 0:00
Total
Forward - 60:00
Defense - 60:00
|
Play-by-Play
1st period
0:01 of 1st period - Darroll Powe wins face-off versus Bo Horvat in neutral zone.
0:33 of 1st period - Icing by Lucas Lessio.
0:34 of 1st period - Colton Sissons wins face-off versus Frederik Gauthier in Influenza zone.
1:09 of 1st period - Wrist shot by Zac Dalpe.
1:09 of 1st period - Stopped by Mark Visentin with a rebound.
1:11 of 1st period - Snap shot by Zac Dalpe.
1:11 of 1st period - Stopped by Mark Visentin with a rebound.
2:33 of 1st period - Minor Penalty to Dmitry Sinitsyn for Hooking.
2:34 of 1st period - Zac Dalpe wins face-off versus Frederik Gauthier in Influenza zone.
2:46 of 1st period - Wrist shot by Nail Yakupov.
2:46 of 1st period - Shot Misses the Net.
2:48 of 1st period - Slapshot by Will Butcher.
2:48 of 1st period - Goal by Will Butcher - Influenza : 0 - Diables : 1.
2:49 of 1st period - Darroll Powe wins face-off versus Bo Horvat in neutral zone.
2:52 of 1st period - Snap shot by Darroll Powe.
2:52 of 1st period - Stopped by Malcolm Subban without a rebound.
2:53 of 1st period - Bo Horvat wins face-off versus Darroll Powe in Influenza zone.
3:18 of 1st period - Snap shot by Zac Dalpe.
3:18 of 1st period - Shot Misses the Net.
3:20 of 1st period - Wrist shot by Zac Dalpe.
3:20 of 1st period - Shot Misses the Net.
3:22 of 1st period - Snap shot by Kasperi Kapanen.
3:22 of 1st period - Deflect By Zac Dalpe.
3:22 of 1st period - Shot Misses the Net.
3:22 of 1st period - Puck is out of play.
3:23 of 1st period - Brock McGinn wins face-off versus Colton Sissons in Diables zone.
3:54 of 1st period - Icing by Alex Tuch.
3:55 of 1st period - Darroll Powe wins face-off versus Bo Horvat in Diables zone.
4:10 of 1st period - Snap shot by Max Domi.
4:10 of 1st period - Shot Misses the Net.
4:22 of 1st period - Will Butcher is hit by Zac Dalpe and loses puck.
5:22 of 1st period - Wrist shot by Iiro Pakarinen.
5:22 of 1st period - Shot Blocked by Marc-André Bourdon.
5:24 of 1st period - Slapshot by Brandon Montour.
5:24 of 1st period - Stopped by Mark Visentin with a rebound.
5:42 of 1st period - Slapshot by Alex Tuch.
5:42 of 1st period - Shot Misses the Net.
6:16 of 1st period - Will Butcher is hit by Lucas Lessio and loses puck.
6:39 of 1st period - Wrist shot by Bo Horvat.
6:39 of 1st period - Stopped by Mark Visentin without a rebound.
6:40 of 1st period - C.J Suess wins face-off versus Bo Horvat in Diables zone.
7:11 of 1st period - Snap shot by Aleksander Barkov.
7:11 of 1st period - Deflect By Brock McGinn.
7:11 of 1st period - Shot Misses the Net.
7:11 of 1st period - Puck is out of play.
7:12 of 1st period - Darroll Powe wins face-off versus Bo Horvat in Influenza zone.
7:19 of 1st period - Snap shot by Darroll Powe.
7:19 of 1st period - Stopped by Malcolm Subban with a rebound.
7:25 of 1st period - Snap shot by Darroll Powe.
7:25 of 1st period - Shot Misses the Net.
7:27 of 1st period - Wrist shot by Pavel Buchnevich.
7:27 of 1st period - Goal by Pavel Buchnevich - Influenza : 0 - Diables : 2.
7:28 of 1st period - Darroll Powe wins face-off versus Bo Horvat in neutral zone.
7:31 of 1st period - Slapshot by Pavel Buchnevich.
7:31 of 1st period - Stopped by Malcolm Subban with a rebound.
7:58 of 1st period - Wrist shot by Justin Bailey.
7:58 of 1st period - Shot Blocked by Will Butcher.
8:02 of 1st period - Snap shot by Lucas Lessio.
8:02 of 1st period - Deflect By Justin Bailey.
8:02 of 1st period - Stopped by Mark Visentin without a rebound.
8:03 of 1st period - Darroll Powe wins face-off versus Bo Horvat in Diables zone.
8:13 of 1st period - Icing by Bo Horvat.
8:14 of 1st period - Bo Horvat wins face-off versus Darroll Powe in Influenza zone.
9:43 of 1st period - Slapshot by Andre Burakovsky.
9:43 of 1st period - Shot Misses the Net.
10:20 of 1st period - Backhand shot by Justin Bailey.
10:20 of 1st period - Shot Misses the Net.
11:30 of 1st period - Calvin de Haan is hit by Aleksander Barkov and loses puck.
11:58 of 1st period - Brett Lernout is hit by Iiro Pakarinen and loses puck.
12:32 of 1st period - Eric Gustafsson is hit by Tim Erixon and loses puck.
13:08 of 1st period - Frederik Gauthier is hit by Colton Sissons and loses puck.
14:18 of 1st period - Max Domi is hit by Bo Horvat and loses puck.
15:01 of 1st period - Tim Erixon is hit by Marc-André Bourdon and loses puck.
15:12 of 1st period - Snap shot by Mark Jankowski.
15:12 of 1st period - Stopped by Malcolm Subban without a rebound.
15:13 of 1st period - Colton Sissons wins face-off versus Mark Jankowski in Influenza zone.
15:13 of 1st period - Colton Sissons is hit by Will Butcher.
15:43 of 1st period - Calvin de Haan is hit by Brock McGinn and loses puck.
16:02 of 1st period - Snap shot by Zac Dalpe.
16:02 of 1st period - Stopped by Mark Visentin without a rebound.
16:03 of 1st period - Justin Bailey wins face-off versus Frederik Gauthier in Diables zone.
16:16 of 1st period - Wrist shot by Lucas Lessio.
16:16 of 1st period - Stopped by Mark Visentin without a rebound.
16:17 of 1st period - Darroll Powe wins face-off versus Bo Horvat in Diables zone.
16:26 of 1st period - Andre Burakovsky is hit by Darroll Powe and loses puck.
16:43 of 1st period - Aleksander Barkov is hit by Justin Bailey and loses puck.
16:50 of 1st period - Wrist shot by Lucas Lessio.
16:50 of 1st period - Deflect By Justin Bailey.
16:50 of 1st period - Shot Misses the Net.
16:50 of 1st period - Puck is out of play.
16:51 of 1st period - Colton Sissons wins face-off versus Darroll Powe in Diables zone.
17:02 of 1st period - Wrist shot by Pavel Buchnevich.
17:02 of 1st period - Shot Misses the Net.
17:18 of 1st period - Brock McGinn is hit by Dmitry Sinitsyn and loses puck.
17:27 of 1st period - Snap shot by Iiro Pakarinen.
17:27 of 1st period - Shot Blocked by Aleksander Barkov.
17:29 of 1st period - Slapshot by Paul Ladue.
17:29 of 1st period - Shot Blocked by Aleksander Barkov.
17:39 of 1st period - Wrist shot by Nail Yakupov.
17:39 of 1st period - Stopped by Malcolm Subban without a rebound.
17:40 of 1st period - Frederik Gauthier wins face-off versus Zac Dalpe in Influenza zone.
17:43 of 1st period - Wrist shot by Brandon Prust.
17:43 of 1st period - Stopped by Malcolm Subban with a rebound.
18:07 of 1st period - Luca Sbisa is hit by Will Butcher and loses puck.
18:14 of 1st period - Wrist shot by Max Domi.
18:14 of 1st period - Stopped by Malcolm Subban with a rebound.
18:28 of 1st period - Slapshot by Calvin de Haan.
18:28 of 1st period - Shot Misses the Net.
18:30 of 1st period - Slapshot by Paul Ladue.
18:30 of 1st period - Stopped by Mark Visentin with a rebound.
18:32 of 1st period - Slapshot by Calvin de Haan.
18:32 of 1st period - Shot Blocked by Brett Lernout.
18:38 of 1st period - Snap shot by Calvin de Haan.
18:38 of 1st period - Stopped by Mark Visentin with a rebound.
18:48 of 1st period - Colton Sissons is hit by Aleksander Barkov and loses puck.
18:59 of 1st period - Brock McGinn is hit by Calvin de Haan and loses puck.
Goals for this period are 0 for Influenza vs 2 for Diables.
Shots for this period are 9 for Influenza vs 9 for Diables.
2nd period
0:01 of 2nd period - Darroll Powe wins face-off versus Iiro Pakarinen in neutral zone.
0:30 of 2nd period - Wrist shot by Nail Yakupov.
0:30 of 2nd period - Goal by Nail Yakupov - Influenza : 0 - Diables : 3.
0:31 of 2nd period - Darroll Powe wins face-off versus Bo Horvat in neutral zone.
0:48 of 2nd period - Eric Gustafsson is hit by Calvin de Haan and loses puck.
1:34 of 2nd period - Snap shot by Max Domi.
1:34 of 2nd period - Shot Misses the Net.
2:02 of 2nd period - Snap shot by Max Domi.
2:02 of 2nd period - Stopped by Malcolm Subban with a rebound.
2:04 of 2nd period - Snap shot by Max Domi.
2:04 of 2nd period - Stopped by Malcolm Subban with a rebound.
2:06 of 2nd period - Slapshot by Will Butcher.
2:06 of 2nd period - Shot Blocked by Ryan Dzingel.
2:08 of 2nd period - Snap shot by Darroll Powe.
2:08 of 2nd period - Shot Misses the Net.
2:10 of 2nd period - Slapshot by Will Butcher.
2:10 of 2nd period - Stopped by Malcolm Subban without a rebound.
2:11 of 2nd period - Aleksander Barkov wins face-off versus Andre Burakovsky in Influenza zone.
2:45 of 2nd period - Snap shot by Lucas Lessio.
2:45 of 2nd period - Stopped by Mark Visentin with a rebound.
3:09 of 2nd period - Icing by Jacob Josefson.
3:10 of 2nd period - Aleksander Barkov wins face-off versus Bo Horvat in Influenza zone.
3:25 of 2nd period - Wrist shot by Andre Burakovsky.
3:25 of 2nd period - Shot Blocked by Gustav Olofsson.
4:32 of 2nd period - Snap shot by Iiro Pakarinen.
4:32 of 2nd period - Shot Misses the Net.
4:34 of 2nd period - Snap shot by Andre Burakovsky.
4:34 of 2nd period - Shot Misses the Net.
5:32 of 2nd period - Snap shot by Zac Dalpe.
5:32 of 2nd period - Stopped by Mark Visentin with a rebound.
5:44 of 2nd period - Eric Gustafsson is hit by Andre Burakovsky and loses puck.
6:09 of 2nd period - Icing by Colton Sissons.
6:10 of 2nd period - Aleksander Barkov wins face-off versus Colton Sissons in Influenza zone.
6:15 of 2nd period - Slapshot by Aleksander Barkov.
6:15 of 2nd period - Shot Misses the Net.
6:21 of 2nd period - Slapshot by Colton Sissons.
6:21 of 2nd period - Stopped by Mark Visentin without a rebound.
6:22 of 2nd period - Darroll Powe wins face-off versus Bo Horvat in Diables zone.
6:47 of 2nd period - Paul Ladue is hit by Nail Yakupov.
7:15 of 2nd period - Wrist shot by Justin Bailey.
7:15 of 2nd period - Shot Misses the Net.
7:17 of 2nd period - Slapshot by Colton Sissons.
7:17 of 2nd period - Shot Blocked by Marc-André Bourdon.
7:19 of 2nd period - Slapshot by Calvin de Haan.
7:19 of 2nd period - Shot Blocked by Chris Bigras.
8:03 of 2nd period - Snap shot by Brandon Prust.
8:03 of 2nd period - Goal by Brandon Prust - Influenza : 0 - Diables : 4.
8:03 of 2nd period - Tyson Sexsmith enters game.
8:04 of 2nd period - Darroll Powe wins face-off versus Bo Horvat in neutral zone.
8:11 of 2nd period - Andre Burakovsky is hit by Pavel Buchnevich and loses puck.
8:30 of 2nd period - Will Butcher is hit by Calvin de Haan and loses puck.
8:35 of 2nd period - Snap shot by Zac Dalpe.
8:35 of 2nd period - Goal by Zac Dalpe - Influenza : 1 - Diables : 4.
8:36 of 2nd period - Darroll Powe wins face-off versus Bo Horvat in neutral zone.
9:07 of 2nd period - Slapshot by Paul Ladue.
9:07 of 2nd period - Shot Blocked by Alex Tuch.
9:09 of 2nd period - Snap shot by Tim Erixon.
9:09 of 2nd period - Stopped by Mark Visentin without a rebound.
9:10 of 2nd period - Aleksander Barkov wins face-off versus Colton Sissons in Diables zone.
10:00 of 2nd period - Slapshot by Zac Dalpe.
10:00 of 2nd period - Stopped by Mark Visentin with a rebound.
10:26 of 2nd period - Aleksander Barkov is hit by Nick Ritchie and loses puck.
10:43 of 2nd period - Snap shot by Tim Erixon.
10:43 of 2nd period - Shot Misses the Net.
11:51 of 2nd period - Wrist shot by Brandon Prust.
11:51 of 2nd period - Deflect By Mark Jankowski.
11:51 of 2nd period - Shot Misses the Net.
11:51 of 2nd period - Puck is out of play.
11:52 of 2nd period - Max Domi wins face-off versus Colton Sissons in Influenza zone.
11:59 of 2nd period - Snap shot by Darroll Powe.
11:59 of 2nd period - Stopped by Tyson Sexsmith with a rebound.
13:19 of 2nd period - Off-side.
13:20 of 2nd period - Frederik Gauthier wins face-off versus Jacob Josefson in neutral zone.
13:50 of 2nd period - Slapshot by Andre Burakovsky.
13:50 of 2nd period - Stopped by Mark Visentin with a rebound.
14:19 of 2nd period - Slapshot by Aleksander Barkov.
14:19 of 2nd period - Stopped by Tyson Sexsmith without a rebound.
14:20 of 2nd period - Frederik Gauthier wins face-off versus Zac Dalpe in Influenza zone.
14:29 of 2nd period - Kasperi Kapanen is hit by Brandon Prust and loses puck.
15:44 of 2nd period - Backhand shot by Luca Sbisa.
15:44 of 2nd period - Deflect By Darroll Powe.
15:44 of 2nd period - Stopped by Mark Visentin with a rebound.
15:46 of 2nd period - Slapshot by Luca Sbisa.
15:46 of 2nd period - Deflect By Kasperi Kapanen.
15:46 of 2nd period - Shot Blocked by Chris Bigras.
15:46 of 2nd period - Puck is out of play.
15:47 of 2nd period - Zac Dalpe wins face-off versus Aleksander Barkov in Diables zone.
15:58 of 2nd period - Wrist shot by Zac Dalpe.
15:58 of 2nd period - Stopped by Mark Visentin with a rebound.
16:14 of 2nd period - Wrist shot by Pavel Buchnevich.
16:14 of 2nd period - Shot Blocked by Andre Burakovsky.
16:16 of 2nd period - Slapshot by Chris Bigras.
16:16 of 2nd period - Shot Misses the Net.
16:18 of 2nd period - Snap shot by Chris Bigras.
16:18 of 2nd period - Stopped by Tyson Sexsmith with a rebound.
16:20 of 2nd period - Slapshot by Pavel Buchnevich.
16:20 of 2nd period - Shot Hit the Post.
16:22 of 2nd period - Snap shot by Max Domi.
16:22 of 2nd period - Deflect By Darroll Powe.
16:22 of 2nd period - Goal by Darroll Powe - Influenza : 1 - Diables : 5.
16:23 of 2nd period - Darroll Powe wins face-off versus Andre Burakovsky in neutral zone.
16:32 of 2nd period - Snap shot by Max Domi.
16:32 of 2nd period - Shot Hit the Post.
16:48 of 2nd period - Lucas Lessio is hit by Brett Lernout and loses puck.
17:14 of 2nd period - Snap shot by Zac Dalpe.
17:14 of 2nd period - Stopped by Mark Visentin without a rebound.
17:15 of 2nd period - Darroll Powe wins face-off versus Bo Horvat in Diables zone.
17:31 of 2nd period - Off-side.
17:32 of 2nd period - Aleksander Barkov wins face-off versus Colton Sissons in neutral zone.
17:34 of 2nd period - Off-side.
17:35 of 2nd period - Aleksander Barkov wins face-off versus Colton Sissons in neutral zone.
17:48 of 2nd period - Lucas Lessio is hit by Marc-André Bourdon and loses puck.
18:05 of 2nd period - Wrist shot by Iiro Pakarinen.
18:05 of 2nd period - Stopped by Mark Visentin with a rebound.
18:07 of 2nd period - Slapshot by Luca Sbisa.
18:07 of 2nd period - Shot Blocked by Max Domi.
18:51 of 2nd period - Aleksander Barkov is hit by Tom Kuhnhackl and loses puck.
19:08 of 2nd period - Snap shot by Max Domi.
19:08 of 2nd period - Shot Misses the Net.
19:10 of 2nd period - Slapshot by Marc-André Bourdon.
19:10 of 2nd period - Shot Blocked by Colton Sissons.
19:27 of 2nd period - Off-side.
19:28 of 2nd period - Darroll Powe wins face-off versus Bo Horvat in neutral zone.
19:43 of 2nd period - Wrist shot by Andre Burakovsky.
19:43 of 2nd period - Shot Blocked by Darroll Powe.
Goals for this period are 1 for Influenza vs 3 for Diables.
Shots for this period are 11 for Influenza vs 9 for Diables.
3rd period
0:01 of 3rd period - Bo Horvat wins face-off versus Darroll Powe in neutral zone.
0:04 of 3rd period - Eric Gustafsson is hit by Iiro Pakarinen and loses puck.
0:09 of 3rd period - Snap shot by Andre Burakovsky.
0:09 of 3rd period - Stopped by Mark Visentin without a rebound.
0:10 of 3rd period - Darroll Powe wins face-off versus Bo Horvat in Diables zone.
0:35 of 3rd period - Snap shot by Andre Burakovsky.
0:35 of 3rd period - Shot Misses the Net.
0:37 of 3rd period - Wrist shot by Iiro Pakarinen.
0:37 of 3rd period - Shot Blocked by Will Butcher.
0:39 of 3rd period - Slapshot by Calvin de Haan.
0:39 of 3rd period - Shot Misses the Net.
0:41 of 3rd period - Snap shot by Bo Horvat.
0:41 of 3rd period - Stopped by Mark Visentin with a rebound.
0:43 of 3rd period - Slapshot by Paul Ladue.
0:43 of 3rd period - Stopped by Mark Visentin with a rebound.
0:58 of 3rd period - Icing by Eric Gustafsson.
0:59 of 3rd period - Darroll Powe wins face-off versus Colton Sissons in Diables zone.
0:59 of 3rd period - Darroll Powe is hit by Lucas Lessio.
1:19 of 3rd period - Snap shot by Darroll Powe.
1:19 of 3rd period - Shot Misses the Net.
1:21 of 3rd period - Snap shot by Darroll Powe.
1:21 of 3rd period - Stopped by Tyson Sexsmith with a rebound.
1:39 of 3rd period - Wrist shot by Pavel Buchnevich.
1:39 of 3rd period - Stopped by Tyson Sexsmith with a rebound.
1:41 of 3rd period - Snap shot by Eric Gustafsson.
1:41 of 3rd period - Stopped by Tyson Sexsmith without a rebound.
1:42 of 3rd period - Aleksander Barkov wins face-off versus Colton Sissons in Influenza zone.
1:43 of 3rd period - Snap shot by Brock McGinn.
1:43 of 3rd period - Stopped by Tyson Sexsmith without a rebound.
1:44 of 3rd period - Brock McGinn wins face-off versus Colton Sissons in Influenza zone.
1:47 of 3rd period - Snap shot by Brock McGinn.
1:47 of 3rd period - Stopped by Tyson Sexsmith without a rebound.
1:48 of 3rd period - Aleksander Barkov wins face-off versus Colton Sissons in Influenza zone.
1:49 of 3rd period - Snap shot by Brock McGinn.
1:49 of 3rd period - Stopped by Tyson Sexsmith without a rebound.
1:50 of 3rd period - Colton Sissons wins face-off versus Aleksander Barkov in Influenza zone.
1:59 of 3rd period - Snap shot by Aleksander Barkov.
1:59 of 3rd period - Goal by Aleksander Barkov - Influenza : 1 - Diables : 6.
2:00 of 3rd period - Frederik Gauthier wins face-off versus Bo Horvat in neutral zone.
2:02 of 3rd period - Off-side.
2:03 of 3rd period - Frederik Gauthier wins face-off versus Bo Horvat in neutral zone.
2:06 of 3rd period - Backhand shot by Eric Gustafsson.
2:06 of 3rd period - Shot Blocked by Calvin de Haan.
2:08 of 3rd period - Snap shot by Frederik Gauthier.
2:08 of 3rd period - Deflect By Brandon Prust.
2:08 of 3rd period - Stopped by Tyson Sexsmith with a rebound.
2:10 of 3rd period - Slapshot by Eric Gustafsson.
2:10 of 3rd period - Stopped by Tyson Sexsmith without a rebound.
2:11 of 3rd period - Frederik Gauthier wins face-off versus Bo Horvat in Influenza zone.
3:35 of 3rd period - Minor Penalty to Calvin de Haan for Interference.
3:36 of 3rd period - Frederik Gauthier wins face-off versus Zac Dalpe in Influenza zone.
3:43 of 3rd period - Backhand shot by Nail Yakupov.
3:43 of 3rd period - Stopped by Tyson Sexsmith with a rebound.
3:47 of 3rd period - Snap shot by Will Butcher.
3:47 of 3rd period - Deflect By Nail Yakupov.
3:47 of 3rd period - Shot Misses the Net.
3:47 of 3rd period - Puck is out of play.
3:48 of 3rd period - Zac Dalpe wins face-off versus Frederik Gauthier in Influenza zone.
3:59 of 3rd period - Snap shot by Ryan Dzingel.
3:59 of 3rd period - Shot Misses the Net.
4:57 of 3rd period - Wrist shot by Max Domi.
4:57 of 3rd period - Shot Misses the Net.
4:59 of 3rd period - Slapshot by Chris Bigras.
4:59 of 3rd period - Stopped by Tyson Sexsmith with a rebound.
5:01 of 3rd period - Snap shot by Chris Bigras.
5:01 of 3rd period - Stopped by Tyson Sexsmith with a rebound.
5:05 of 3rd period - Backhand shot by Will Butcher.
5:05 of 3rd period - Shot Blocked by Tim Erixon.
5:07 of 3rd period - Wrist shot by Pavel Buchnevich.
5:07 of 3rd period - Shot Misses the Net.
5:13 of 3rd period - Backhand shot by Will Butcher.
5:13 of 3rd period - Shot Misses the Net.
5:15 of 3rd period - Slapshot by Will Butcher.
5:15 of 3rd period - Stopped by Tyson Sexsmith without a rebound.
5:16 of 3rd period - Frederik Gauthier wins face-off versus Zac Dalpe in Influenza zone.
5:35 of 3rd period - Penalty to Calvin de Haan is over, Calvin de Haan is back on ice.
5:41 of 3rd period - Wrist shot by Calvin de Haan.
5:41 of 3rd period - Shot Misses the Net.
5:47 of 3rd period - Snap shot by C.J Suess.
5:47 of 3rd period - Shot Blocked by Brandon Montour.
5:49 of 3rd period - Slapshot by Brandon Prust.
5:49 of 3rd period - Goal by Brandon Prust - Influenza : 1 - Diables : 7.
5:50 of 3rd period - Frederik Gauthier wins face-off versus Bo Horvat in neutral zone.
6:02 of 3rd period - Off-side.
6:03 of 3rd period - Pavel Buchnevich wins face-off versus Bo Horvat in neutral zone.
6:06 of 3rd period - Wrist shot by Will Butcher.
6:06 of 3rd period - Deflect By Pavel Buchnevich.
6:06 of 3rd period - Stopped by Tyson Sexsmith with a rebound.
6:08 of 3rd period - Snap shot by Max Domi.
6:08 of 3rd period - Stopped by Tyson Sexsmith with a rebound.
6:10 of 3rd period - Slapshot by Darroll Powe.
6:10 of 3rd period - Shot Misses the Net.
6:12 of 3rd period - Slapshot by Eric Gustafsson.
6:12 of 3rd period - Deflect By Pavel Buchnevich.
6:12 of 3rd period - Goal by Pavel Buchnevich - Influenza : 1 - Diables : 8.
6:13 of 3rd period - Aleksander Barkov wins face-off versus Bo Horvat in neutral zone.
6:22 of 3rd period - Slapshot by Will Butcher.
6:22 of 3rd period - Deflect By Iiro Pakarinen.
6:22 of 3rd period - Stopped by Tyson Sexsmith without a rebound.
6:23 of 3rd period - Alex Tuch wins face-off versus Bo Horvat in Influenza zone.
6:26 of 3rd period - Wrist shot by Aleksander Barkov.
6:26 of 3rd period - Stopped by Tyson Sexsmith with a rebound.
6:38 of 3rd period - Slapshot by Aleksander Barkov.
6:38 of 3rd period - Stopped by Tyson Sexsmith with a rebound.
6:40 of 3rd period - Wrist shot by Aleksander Barkov.
6:40 of 3rd period - Shot Misses the Net.
6:49 of 3rd period - Icing by Paul Ladue.
6:50 of 3rd period - Pavel Buchnevich wins face-off versus Bo Horvat in Influenza zone.
6:53 of 3rd period - Snap shot by Darroll Powe.
6:53 of 3rd period - Stopped by Tyson Sexsmith with a rebound.
7:33 of 3rd period - Minor Penalty to Gustav Olofsson for Interference.
7:34 of 3rd period - Bo Horvat wins face-off versus Frederik Gauthier in Diables zone.
7:37 of 3rd period - Snap shot by Iiro Pakarinen.
7:37 of 3rd period - Shot Misses the Net.
7:39 of 3rd period - Snap shot by Calvin de Haan.
7:39 of 3rd period - Stopped by Mark Visentin with a rebound.
7:41 of 3rd period - Snap shot by Andre Burakovsky.
7:41 of 3rd period - Goal by Andre Burakovsky - Influenza : 2 - Diables : 8.
7:42 of 3rd period - Andre Burakovsky wins face-off versus Max Domi in neutral zone.
8:03 of 3rd period - Minor Penalty to Eric Gustafsson for Roughing.
8:04 of 3rd period - Bo Horvat wins face-off versus Frederik Gauthier in Diables zone.
9:40 of 3rd period - Icing by Andre Burakovsky.
9:41 of 3rd period - Bo Horvat wins face-off versus Mark Jankowski in Influenza zone.
9:54 of 3rd period - Will Butcher is hit by Justin Bailey and loses puck.
10:03 of 3rd period - Penalty to Eric Gustafsson is over, Eric Gustafsson is back on ice.
10:17 of 3rd period - Eric Gustafsson is hit by Nick Ritchie and loses puck.
11:05 of 3rd period - Bo Horvat is hit by Brandon Prust and loses puck.
11:12 of 3rd period - Slapshot by Brandon Prust.
11:12 of 3rd period - Shot Misses the Net.
11:38 of 3rd period - Slapshot by Dmitry Sinitsyn.
11:38 of 3rd period - Shot Misses the Net.
12:26 of 3rd period - Frederik Gauthier is hit by Justin Bailey.
12:53 of 3rd period - Iiro Pakarinen is hit by Pavel Buchnevich and loses puck.
13:31 of 3rd period - Minor Penalty to Aleksander Barkov for Interference.
13:32 of 3rd period - Frederik Gauthier wins face-off versus Bo Horvat in Diables zone.
13:36 of 3rd period - Off-side.
13:37 of 3rd period - Frederik Gauthier wins face-off versus Andre Burakovsky in neutral zone.
13:46 of 3rd period - Wrist shot by Bo Horvat.
13:46 of 3rd period - Stopped by Mark Visentin without a rebound.
13:47 of 3rd period - Frederik Gauthier wins face-off versus Bo Horvat in Diables zone.
14:18 of 3rd period - Slapshot by Paul Ladue.
14:18 of 3rd period - Deflect By Justin Bailey.
14:18 of 3rd period - Stopped by Mark Visentin without a rebound.
14:19 of 3rd period - Zac Dalpe wins face-off versus Darroll Powe in Diables zone.
14:31 of 3rd period - Icing by Ryan Dzingel.
14:32 of 3rd period - Frederik Gauthier wins face-off versus Zac Dalpe in Influenza zone.
14:53 of 3rd period - Wrist shot by Ryan Dzingel.
14:53 of 3rd period - Shot Misses the Net.
14:55 of 3rd period - Slapshot by Tim Erixon.
14:55 of 3rd period - Stopped by Mark Visentin without a rebound.
14:56 of 3rd period - Frederik Gauthier wins face-off versus Bo Horvat in Diables zone.
15:31 of 3rd period - Penalty to Aleksander Barkov is over, Aleksander Barkov is back on ice.
15:44 of 3rd period - Pavel Buchnevich is hit by Nick Ritchie and loses puck.
17:22 of 3rd period - Snap shot by Zac Dalpe.
17:22 of 3rd period - Shot Misses the Net.
17:32 of 3rd period - Minor Penalty to Brandon Prust for Elbowing.
17:33 of 3rd period - Bo Horvat wins face-off versus Frederik Gauthier in Diables zone.
18:04 of 3rd period - Backhand shot by Calvin de Haan.
18:04 of 3rd period - Shot Blocked by Eric Gustafsson.
19:32 of 3rd period - Penalty to Brandon Prust is over, Brandon Prust is back on ice.
19:40 of 3rd period - Snap shot by Brandon Prust.
19:40 of 3rd period - Stopped by Tyson Sexsmith with a rebound.
19:46 of 3rd period - Brock McGinn is hit by Colton Sissons and loses puck.
Goals for this period are 1 for Influenza vs 3 for Diables.
Shots for this period are 8 for Influenza vs 22 for Diables.
Back to the Top